 Dungeon Crawl Stone Soup version 0.15-a0-171-ge5ebe08 (webtiles) character file.

335 PolkaDot the Vexing (level 5, -4/35 HPs)
             Began as a Vampire Enchanter on Apr 18, 2014.
             Killed from afar by Natasha (10 damage)
             ... with a magic dart
             ... on Level 3 of the Dungeon.
             The game lasted 00:08:06 (2222 turns).

PolkaDot the Vexing (Vampire Enchanter)             Turns: 2222, Time: 00:08:07

HP  -4/35        AC  3     Str  7      XL: 5   Next: 26%
MP   4/9         EV 16     Int 17      God:
Gold 165         SH  0     Dex 15      Spells:  3 memorised,  2 levels left

rFire  . . .     SeeInvis +     a - +1 dagger
rCold  . . .     Clarity  .     b - +1 robe
rNeg   + . .     Conserve .     (no shield)
rPois  .         rCorr    .     (no helmet)
rElec  .         rRot     .     (no cloak)
SustAb . .       Spirit   .     (no gloves)
rMut   .         Warding  .     (no boots)
Saprov . . .     Stasis   .     (no amulet)
MR     .....                    (no ring)
                                n - +4 ring of evasion

@: lethally poisoned, slowed, very slow, not resistant to hostile enchantments,
quite stealthy
A: fangs 3, see invisible, unbreathing
a: Bat Form


You were on level 3 of the Dungeon.
You were not thirsty.

You visited 1 branch of the dungeon, and saw 3 of its levels.

You collected 165 gold pieces.

Inventory:

Hand weapons
 a - a +1,+1 dagger (weapon)
Missiles
 d - 12 darts (quivered)
Armour
 b - a +1 robe (worn)
Scrolls
 e - 2 scrolls of recharging {unknown}
 g - a scroll of random uselessness {unknown}
 i - a scroll of identify
 m - a scroll of immolation {unknown}
Jewellery
 n - a +4 ring of evasion (left hand)
Potions
 l - a potion of poison {!q}
 o - a potion of flight
 p - a potion of restore abilities
 q - a potion of paralysis {unknown}
Books
 c - a book of Maledictions

   Spells                             Type                      Level
   *Corona                            Hexes                        1
   Sure Blade                         Hexes/Charms                 2
   *Ensorcelled Hibernation           Hexes/Ice                    2
   *Confuse                           Hexes                        3
   Dazzling Spray                     Conjuration/Hexes            3
   Enslavement                        Hexes                        4


   Skills:
 + Level 2.9 Short Blades
 - Level 0.7 Throwing
 - Level 2.1 Dodging
 + Level 5.3 Stealth
 - Level 2.0 Spellcasting
 * Level 6.7 Hexes


You had 2 spell levels left.
You knew the following spells:

 Your Spells              Type           Power        Failure   Level  Hunger
a - Corona                Hex            ###....      1%          1    #......
c - Confuse               Hex            ###.....     4%          3    ####...
d - Ensorcelled Hibernat  Hex/Ice        ##....       10%         2    ###....


Dungeon Overview and Level Annotations

Branches:
Dungeon (3/15)

Altars:

Annotations:
D:3 Natasha


Innate Abilities, Weirdness & Mutations

You have razor-sharp teeth.*
You have supernaturally acute eyesight.
You can survive without breathing.*


Message History

You feel sick.
Natasha casts a spell. x2
Suddenly you are surrounded with a pale green light.
Natasha misses you.
Read which item? (? for menu, Esc to quit)
As you read the scroll labeled EPHUAC USUOM, it crumbles to dust.
It is a scroll of identify.
Identify which item? (\ to view known items) (? for menu, Esc to quit)
o - a potion of flight
* * * LOW HITPOINT WARNING * * *
You feel sick.
The crimson imp blinks!
Natasha barely misses you.
Read which item? (? for menu, Esc to quit)
Identify which item? (\ to view known items) (? for menu, Esc to quit)
As you read the scroll of identify, it crumbles to dust.
p - a potion of restore abilities
* * * LOW HITPOINT WARNING * * *
You feel sick.
The crimson imp blinks!
Natasha stares at you and mumbles some strange words.
The magic dart hits you!
You die...

##.......# %...
###.........#
...## .'.........+
.... #.........#
...## #.......#
....## #..5..#
##.....## #ยง5.#
#.......# ##h##
####.......# #@#
#...S..h...# #.#
#.###.....##
###.####.####...##
#........... .#.#
#.....##.### ...#
#....###. .##
#......#.## #. .#
.######.# #. #.# #


You could see Natasha, a crimson imp and a shadow imp.

Vanquished Creatures
  An orc priest (D:3)
  2 orc wizards (D:3)
  2 adders
  2 worms (D:2)
  8 orcs (D:3)
  4 bats
  4 giant cockroaches
  8 hobgoblins
  2 ball pythons
  3 giant geckos
  4 giant newts
  4 goblins
  6 kobolds
  4 rats
54 creatures vanquished.

Vanquished Creatures (others)
  An orc (D:3)
1 creature vanquished.

Grand Total: 55 creatures vanquished

Notes
Turn   | Place    | Note
--------------------------------------------------------------
     0 | D:1      | PolkaDot, the Vampire Enchanter, began the quest for the Orb.
     0 | D:1      | Reached XP level 1. HP: 13/13 MP: 3/3
   282 | D:1      | Reached XP level 2. HP: 13/19 MP: 4/4
   661 | D:1      | Reached skill level 5 in Hexes
   820 | D:2      | Reached XP level 3. HP: 24/24 MP: 6/6
   934 | D:2      | Learned a level 3 spell: Confuse
   944 | D:2      | Learned a level 2 spell: Ensorcelled Hibernation
  1594 | D:3      | Reached XP level 4. HP: 30/30 MP: 7/7
  1979 | D:3      | Reached skill level 5 in Stealth
  1979 | D:3      | Reached skill level 6 in Hexes
  1985 | D:3      | Noticed Natasha
  2018 | D:3      | Reached XP level 5. HP: 28/35 MP: 6/9
  2222 | D:3      | Killed from afar by Natasha

Action                   |  1- 3 |  4- 6 || total
-------------------------+-------+-------++-------
Melee: Dagger            |   161 |    82 ||   243
 Cast: Corona            |     3 |       ||     3
       Ensorcelled Hiber |    10 |    11 ||    21
  Use: Potion            |     1 |     7 ||     8
       Scroll            |       |     5 ||     5
 Stab: Sleeping          |    12 |     6 ||    18
       Invisible         |       |     2 ||     2
